 Dungeon Crawl Stone Soup version 0.30-a0-162-g2ba88f6271 (webtiles) character file.

Game seed: 13554069668484264249

69736 Kinoniko the Executioner (level 14, -10/127 HPs)
             Began as a Minotaur Berserker on Sept 28, 2022.
             Was an Elder of Trog.
             Mangled by a merfolk impaler
             ... wielding a +2 antimagic trident
              (14 damage)
             ... on level 1 of the Orcish Mines.
             The game lasted 00:28:03 (25580 turns).

Kinoniko the Executioner (Minotaur Berserker)      Turns: 25580, Time: 00:28:04

Health: -10/127    AC: 22    Str: 23    XL:     14   Next: 91%
Magic:  0/13       EV: 13    Int:  5    God:    Trog [****..]
Gold:   1290       SH:  0    Dex: 15    Spells: 13/13 levels left

rFire   . . .      SeeInvis .    t - +2 executioner's axe (vorpal)
rCold   + . .      Faith    .    (shield currently unavailable)
rNeg    . . .      Spirit   +    y - +0 plate armour
rPois   +          Reflect  .    (helmet restricted)
rElec   .          Harm     .    N - +0 cloak
rCorr   .          Rampage  .    m - +0 pair of gloves
Will    +++..                    T - +0 pair of boots
Stlth   ..........               w - amulet of guardian spirit
HPRegen 1.31/turn                S - ring of protection from cold
MPRegen 0.13/turn                e - ring of poison resistance

@: strong-willed, on berserk cooldown, regenerating, slowed, studying 2 skills,
very slow
A: horns 2, retaliatory headbutt, iridescent scales 1, agile 1
a: Renounce Religion, Berserk, Trog's Hand, Brothers in Arms


You were on level 1 of the Orcish Mines.
You worshipped Trog.
Trog was greatly pleased with you.
You visited 3 branches of the dungeon, and saw 17 of its levels.
You also visited: Ossuary and Ice Cave.

You collected 2410 gold pieces.
You spent 1120 gold pieces at shops.

Inventory:

Hand Weapons
 t - a +2 vorpal executioner's axe (weapon)
 B - a +2 broad axe
 Q - the +8 war axe of Innocence {vorpal, Will+++ Int-2 Dex+4 SInv}
   (Trog gifted it to you on level 1 of the Orcish Mines)

   It inflicts extra damage upon your enemies.
   Int:       It affects your intelligence (-2).
   Dex:       It affects your dexterity (+4).
   SInv:      It lets you see invisible.
   Will:      It greatly increases your willpower.
 Y - a +2 battleaxe of freezing
Missiles
 a - 2 javelins (quivered)
 v - 2 curare-tipped darts
Armour
 i - a +0 chain mail
 m - a +0 pair of gloves (worn)
 y - a +0 plate armour (worn)
 N - a +0 cloak (worn)
 T - a +0 pair of boots (worn)
 Z - a +2 tower shield of cold resistance
Jewellery
 e - a ring of poison resistance (right hand)
 h - a ring of see invisible
 w - an amulet of guardian spirit (around neck)
 x - a ring of positive energy
 A - a ring of protection from fire
 D - a ring of magical power
 J - a ring of positive energy
 M - a ring of flight
 S - a ring of protection from cold (left hand)
 V - a +6 ring of intelligence
 X - a ring of magical power
Wands
 p - a wand of paralysis (21)
 r - a wand of digging (9)
 F - a wand of light (3)
 L - a wand of roots (16)
 P - a wand of mindburst (4)
 W - a wand of flame (17)
Scrolls
 c - 4 scrolls of magic mapping
 k - a scroll of blinking
 n - a scroll of summoning
 u - 6 scrolls of teleportation
 E - 4 scrolls of silence
 G - 3 scrolls of fear
 K - 3 scrolls of poison
 U - 6 scrolls of identify
Potions
 b - a potion of resistance
 d - 3 potions of curing
 f - 3 potions of flight
 j - 4 potions of haste
 o - 4 potions of lignification
 q - a potion of berserk rage
 s - a potion of heal wounds
 z - a potion of mutation
 C - 3 potions of attraction
 H - 3 potions of invisibility
 I - a potion of might
 O - 2 potions of ambrosia
 R - a potion of cancellation
Miscellaneous
 g - a lightning rod (4/4)
 l - a phantom mirror


   Skills:
 + Level 12.9 Fighting
 * Level 21.1 Axes
 + Level 12.8 Armour
 + Level 15.2 Dodging
 + Level 10.3 Shields


You had 13 spell levels left.
You didn't know any spells.
Your spell library contained the following spells:

 Spells                   Type           Power      Damage    Failure   Level
 Animate Armour           Summ/Erth      0%         N/A       100%        4
 Blade Hands              Tmut           0%         N/A       100%        5
 Iron Shot                Conj/Erth      0%         9d1       100%        6


Dungeon Overview and Level Annotations

Branches:
Dungeon (11/15)            Temple (0/1) D:5            Lair (5/5) D:8
 Shoals (0/4) Lair:3       Spider (0/4) Lair:2        Slime (0/5) Lair:4
    Orc (1/2) D:11        Ossuary (visited)           IceCv (visited)

Altars:
Elyvilon
Fedhas
Hepliaklqana
Makhleb
Nemelex Xobeh
Okawaru
Sif Muna
Uskayaw
Xom
The Shining One
Jiyva

Shops:
D:8 *   D:9 :


Innate Abilities, Weirdness & Mutations

You have a pair of horns on your head.
You reflexively headbutt those who attack you in melee.
You are partially covered in iridescent scales. (AC +2)
You are agile. (Dex +4, Str/Int -1)


Message History

The deep elf archer shoots an arrow.
The arrow hits your ogre!
The merfolk impaler hits you with a +2 antimagic trident!
* * * LOW HITPOINT WARNING * * *
You feel much better.
Your ogre misses the deep elf archer. Something hits you but does no damage.
The merfolk impaler hits you but does no damage.
The deep elf archer casts a spell.
The deep elf archer blinks!
The merfolk impaler closely misses you. Something hits you but does no damage.
Unknown command.
Okay, then.
You are too injured to fight recklessly!
You closely miss the merfolk impaler.
Your headbutt misses the merfolk impaler.
The merfolk impaler is severely wounded.
The merfolk impaler hits you but does no damage.
Something barely misses you.
The merfolk impaler completely misses you.
The deep elf archer shoots an arrow.
The arrow hits your ogre!!!
Your ogre dies!
Your ogre's corpse disappears in a puff of smoke!
You slash the merfolk impaler! You headbutt the merfolk impaler.
The merfolk impaler is almost dead.
The merfolk impaler hits you with a +2 antimagic trident!
Something hits you.
The merfolk impaler hits you with a +2 antimagic trident!
* * * LOW HITPOINT WARNING * * *
The deep elf archer shoots an arrow.
The arrow hits you but does no damage.
You miss the merfolk impaler. You headbutt the merfolk impaler.
The merfolk impaler is almost dead.
The merfolk impaler hits you with a +2 antimagic trident!
* * * LOW HITPOINT WARNING * * *
You feel your power leaking away. Something hits you!
* * * LOW HITPOINT WARNING * * *
The deep elf archer shoots an arrow.
The arrow hits you!
* * * LOW HITPOINT WARNING * * *
The merfolk impaler closely misses you. Something barely misses you.
The merfolk impaler hits you with a +2 antimagic trident!
You die...

#...###..#8#######8#.#...#.# #..##
##.#..[#_#...###.....#
#...###..#...[)....#.##..###
##...#..##.#8...8#.#.....#.####
#.......##.........#........#.##
##.##..###.#8...8#.#^..###.....#
####...#.#...))....#...####....##
.....#...####''m####.#..###..#..#
>...##...#e.ยง...@...##.))..)##...
....###............#####.)..###..
##..###....#.#...#..###)))..##...
#........######...#..#..)(...#..#
........## ##.##......#.#.....
#......## ####...#####).....
##.##### ###....###.)..... ###
##....#..##...)...
##.....##..#))))#..


You could see a merfolk impaler and a deep elf archer (repels missiles).

Vanquished Creatures
  A frost giant (IceCv)
  An orc warlord (Orc:1)
  A minotaur (Orc:1)
  The ghost of Stonecrops the Blocker, a journeyman FoFi of Qazlal (Orc:1)
  Josephine (Lair:3)
  6 hydras
  Erolcha (D:11)
  2 centaur warriors (D:11)
  A boulder beetle (Lair:1)
  A merfolk avatar (Lair:5)
  2 tengu warriors (Orc:1)
  11 death yaks
  A naga warrior (Orc:1)
  Amaemon (D:8)
  Sonja (D:11)
  A harpy (Lair:5)
  3 orc knights
  An ugly thing (D:11)
  2 orc sorcerers (Orc:1)
  3 manticores
  4 cyclopes
  8 elephants
  A black mamba (Lair:2)
  An ice statue (IceCv)
  An orange demon (D:8)
  Joseph (D:9)
  14 cane toads
  A gargoyle (D:10)
  2 kobold demonologists (D:8)
  5 komodo dragons
  11 rime drakes
  2 efreet (D:11)
  7 polar bears
  3 trolls
  A meliai (D:11)
  Prince Ribbit (Lair:1)
  2 hornets
  14 blink frogs
  Grinder (D:3)
  9 dream sheep
  2 snapping turtles
  Sigmund (D:3)
  A culicivora (Lair:2)
  37 yaks
  3 wraiths (Lair:3)
  2 shadows (D:11)
  2 vampires (D:10)
  6 wyverns
  6 basilisks
  3 steam dragons
  A water elemental (D:11)
  Grum (D:8)
  5 redbacks (Lair:2)
  3 vampire mosquitoes (D:11)
  5 wargs (Orc:1)
  An acid dragon (D:9)
  17 water moccasins
  2 black bears
  17 orc warriors
  3 sky beasts
  A swamp drake (D:8)
  2 hornet zombies (D:7)
  5 ogres
  4 centaurs
  2 phantoms (D:5)
  15 wolves
  6 kobold brigands
  18 bullfrogs
  4 necrophages
  A gnoll sergeant (D:8)
  A wyvern zombie (D:7)
  9 scorpions
  13 wights
  4 electric eels
  7 howler monkeys
  5 centaur zombies
  2 bullfrog zombies (D:7)
  8 jellies
  2 human zombies (Ossuary)
  2 hounds
  9 orc priests
  A gnoll bouda (D:6)
  Terence (D:3)
  6 iguanas
  Ijyb (D:3)
  12 orc wizards
  4 scorpion zombies (Ossuary)
  A killer bee zombie (D:7)
  3 mummies (Ossuary)
  14 gnolls
  11 adders
  2 shadow imps (D:7)
  13 white imps
  3 worms
  6 dart slugs
  51 orcs
  8 ball pythons
  3 bats
  6 endoplasms
  4 giant cockroaches
  9 goblins
  9 hobgoblins
  2 jackals
  32 kobolds
  3 quokkas
  2 frilled lizards (D:1)
  A gnoll zombie (Ossuary)
  3 goblin zombies (Ossuary)
  2 hobgoblin zombies (Ossuary)
  2 kobold zombies (Ossuary)
  3 orc zombies (Ossuary)
  6 rats
593 creatures vanquished.

Vanquished Creatures (collateral kills)
  A boulder beetle (D:11)
  A cyclops (D:11)
  An ugly thing (D:11)
  3 yaks (D:11)
  An orc (D:11)
7 creatures vanquished.

Vanquished Creatures (others)
  A yak (D:11)
  An electric eel (D:11)
  21 fungi
  34 plants
  A withered plant (D:7)
58 creatures vanquished.

Grand Total: 658 creatures vanquished

Notes
Turn   | Place    | Note
-------+----------+-------------------------------------------
     0 | D:1      | Kinoniko the Minotaur Berserker began the quest for the
                  | Orb.
     0 | D:1      | Reached XP level 1. HP: 19/19 MP: 0/0
    86 | D:1      | Found a faded altar of an unknown god.
   129 | D:1      | Reached skill level 4 in Axes
   331 | D:1      | Reached XP level 2. HP: 26/26 MP: 1/1
   624 | D:1      | Reached skill level 5 in Axes
   835 | D:1      | Reached XP level 3. HP: 29/31 MP: 2/2
  1265 | D:2      | Reached ** piety under Trog
  1950 | D:2      | Reached skill level 6 in Axes
  1950 | D:2      | Reached XP level 4. HP: 36/39 MP: 3/3
  2157 | D:3      | Noticed Sigmund
  2162 | D:3      | Killed Sigmund
  2163 | D:3      | Reached skill level 7 in Axes
  2163 | D:3      | Reached XP level 5. HP: 45/45 MP: 4/4
  2299 | D:3      | Reached skill level 8 in Axes
  2353 | D:3      | Found a shimmering altar of Xom.
  2557 | D:3      | Noticed Grinder
  2560 | D:3      | Paralysed by Grinder for 3 turns
  2568 | D:3      | Paralysed by Grinder for 3 turns
  2574 | D:3      | Gained mutation: You are partially covered in iridescent
                  | scales. (AC +2) [potion of mutation]
  2574 | D:3      | Gained mutation: You are agile. (Dex +4, Str/Int -1)
                  | [potion of mutation]
  2582 | D:3      | Paralysed by Grinder for 4 turns
  2600 | D:3      | HP: 1/45 [Grinder/nerve-wracking pain (13)]
  2601 | D:3      | Paralysed by Grinder for 3 turns
  2606 | D:3      | Killed Grinder
  2607 | D:3      | Reached skill level 9 in Axes
  2607 | D:3      | Reached XP level 6. HP: 20/51 MP: 5/5
  2934 | D:3      | Noticed Ijyb
  2941 | D:3      | Paralysed by Ijyb for 4 turns
  2949 | D:3      | Killed Ijyb
  3094 | D:3      | Noticed Terence
  3105 | D:3      | Killed Terence
  3197 | D:3      | Reached XP level 7. HP: 34/57 MP: 6/6
  3477 | D:3      | Identified a scroll of acquirement
  3478 | D:3      | Acquired 923 gold pieces
  3581 | D:4      | Reached skill level 10 in Axes
  3849 | D:4      | Found a hazy altar of Hepliaklqana.
  3987 | D:4      | Reached *** piety under Trog
  4363 | D:5      | Entered Level 5 of the Dungeon
  4598 | D:5      | Reached skill level 11 in Axes
  5027 | D:5      | Reached XP level 8. HP: 62/64 MP: 7/7
  5146 | D:5      | Reached skill level 12 in Axes
  5414 | D:5      | Found a staircase to the Ecumenical Temple.
  5459 | D:5      | You fall into a shaft and drop 2 floors!
  5498 | D:6      | Reached skill level 13 in Axes
  5517 | D:6      | Found a sand-covered staircase.
  5526 | Ossuary  | Entered an ossuary
  5746 | Ossuary  | Reached **** piety under Trog
  5755 | Ossuary  | Reached XP level 9. HP: 53/72 MP: 8/8
  6762 | D:6      | Reached skill level 5 in Fighting
  6943 | D:6      | Found a blossoming altar of Fedhas.
  7045 | D:6      | Reached skill level 14 in Axes
  7554 | D:6      | Identified the +2 great mace "Lugeot" {vorpal, Fly Dex+4}
  8181 | D:7      | Reached skill level 5 in Armour
  8511 | D:7      | Reached skill level 5 in Dodging
  8539 | D:7      | Reached XP level 10. HP: 50/84 MP: 6/9
  8780 | D:7      | Reached ***** piety under Trog
  8878 | D:7      | Reached skill level 15 in Axes
  9360 | D:8      | Noticed an orange demon
  9440 | D:8      | Noticed Grum
  9458 | D:8      | Killed Grum
  9546 | D:8      | Found Hoploez's Serpentskin Sales.
  9572 | D:8      | Bought a ring of poison resistance for 320 gold pieces
  9574 | D:8      | Noticed Amaemon
  9578 | D:8      | Noticed an orange demon
  9580 | D:8      | Killed an orange demon
  9581 | D:8      | Reached skill level 16 in Axes
  9589 | D:8      | Killed Amaemon
  9868 | D:8      | Found a shimmering blue altar of Sif Muna.
  9960 | D:8      | Reached XP level 11. HP: 83/94 MP: 7/10
 10347 | D:8      | Reached skill level 1 in Shields
 10374 | D:8      | Found a staircase to the Lair.
 10467 | D:8      | Identified the +3 quarterstaff "Oqionuan" {spect, rPois
                  | Int+2 Dex-4}
 10631 | D:9      | Found Eclocang's Vocational Training.
 10959 | D:9      | Found a hide-covered altar of Uskayaw.
 10976 | D:9      | Bought a manual of Invocations for 800 gold pieces
 11132 | D:9      | Found a sparkling altar of Nemelex Xobeh.
 11142 | D:9      | Found a burning altar of Makhleb.
 11506 | D:9      | Noticed Joseph
 11513 | D:9      | Killed Joseph
 11718 | D:10     | Entered Level 10 of the Dungeon
 12235 | D:10     | Found a white marble altar of Elyvilon.
 12235 | D:10     | Found a glowing golden altar of the Shining One.
 12706 | Lair:1   | Entered Level 1 of the Lair of Beasts
 12991 | Lair:1   | Reached skill level 17 in Axes
 13031 | Lair:1   | Noticed Prince Ribbit
 13041 | Lair:1   | Killed Prince Ribbit
 13493 | Lair:1   | Noticed a boulder beetle
 13508 | Lair:1   | Killed a boulder beetle
 14046 | Lair:1   | Received a gift from Trog
 14047 | Lair:1   | Reached skill level 10 in Dodging
 14376 | Lair:2   | Reached XP level 12. HP: 105/105 MP: 8/11
 14547 | Lair:2   | Reached skill level 5 in Shields
 14646 | Lair:2   | Found a hole to the Spider Nest.
 14661 | Lair:2   | Noticed a seven-headed hydra
 14671 | Lair:2   | Killed a 13-headed hydra
 15585 | Lair:3   | Noticed Josephine
 15588 | Lair:3   | Reached skill level 10 in Fighting
 15588 | Lair:3   | Reached skill level 18 in Axes
 15598 | Lair:3   | Killed Josephine
 15899 | Lair:3   | Noticed a five-headed hydra
 15913 | Lair:3   | Killed an 11-headed hydra
 15914 | Lair:3   | Reached skill level 10 in Armour
 16859 | Lair:3   | Noticed a six-headed hydra
 16873 | Lair:3   | Killed a 15-headed hydra
 17394 | Lair:3   | Found a staircase to the Shoals.
 17640 | Lair:4   | Found a viscous altar of Jiyva.
 17641 | Lair:4   | Found a staircase to the Slime Pits.
 17661 | Lair:4   | Found a frozen archway.
 17669 | Lair:4   | Received a gift from Trog
 17694 | IceCv    | Entered an ice cave
 17828 | IceCv    | Noticed a death yak
 17838 | IceCv    | Reached XP level 13. HP: 114/114 MP: 9/12
 18227 | IceCv    | Reached skill level 19 in Axes
 18770 | IceCv    | Noticed a frost giant
 18790 | IceCv    | Killed a frost giant
 19695 | Lair:5   | Entered Level 5 of the Lair of Beasts
 20328 | Lair:5   | Paralysed by a hornet for 2 turns
 20720 | Lair:5   | Reached skill level 20 in Axes
 20720 | Lair:5   | Reached XP level 14. HP: 108/125 MP: 11/13
 21767 | Lair:5   | Identified the +4 glaive of Hepliaklqana's Esteem {vorpal,
                  | rF+ Int+3 Dex+4}
 22505 | D:11     | Noticed Sonja
 22509 | D:11     | Killed Sonja
 22581 | D:11     | Noticed Erolcha
 22603 | D:11     | Killed Erolcha
 22993 | D:11     | Found a staircase to the Orcish Mines.
 23056 | D:11     | Received a gift from Trog
 24504 | Orc:1    | Entered Level 1 of the Orcish Mines
 24590 | Orc:1    | Reached skill level 10 in Shields
 24822 | Orc:1    | Found a runed translucent gate.
 24823 | Orc:1    | Found a runed translucent gate.
 24867 | Orc:1    | Identified the +6 chain mail of the Shoals {rN+}
 24868 | Orc:1    | Found a runed translucent gate.
 24868 | Orc:1    | Noticed Stonecrops's ghost (journeyman FoFi)
 24868 | Orc:1    | Identified the +7 quick blade of the New World {pain,
                  | Dex+4}
 24945 | Orc:1    | Found an iron altar of Okawaru.
 25054 | Orc:1    | Reached skill level 15 in Dodging
 25089 | Orc:1    | Noticed an orc warlord
 25091 | Orc:1    | Identified the +8 war axe of Innocence {vorpal, Will+++
                  | Int-2 Dex+4 SInv} (Trog gifted it to you on level 1 of the
                  | Orcish Mines)
 25091 | Orc:1    | Received a gift from Trog
 25099 | Orc:1    | Reached skill level 21 in Axes
 25110 | Orc:1    | Killed an orc warlord
 25555 | Orc:1    | Killed Stonecrops's ghost
 25580 | Orc:1    | HP: 4/127 [deep elf archer/arrow (13)]
 25580 | Orc:1    | Mangled by a merfolk impaler

Illustrated notes

Levels and vault maps discovered:
D:1:      beargit_arrival_diablo_church, layout_basic,
          hellmonk_ecumenical_altar_arch_garden, minmay_quantized
D:2:      layout_basic, grunt_ministairs_8
D:3:      layout_loops_cross, mainiacjoe_overflow_brackets, minmay_pentangle,
          uniq_grinder, uniq_terence, uniq_ijyb, uniq_sigmund
D:4:      layout_loops_cross, mainiacjoe_overflow_alcove_2,
          kennysheep_small_circle
D:5:      layout_gridville, temple_hall, minmay_fractal_squares_5
D:6:      layout_loops_corners, mainiacjoe_overflow_boulevard,
          chequers_ossuary_entry_cave
D:7:      layout_cave_pools, serial_undead, serial_undead_e, serial_undead_c,
          serial_undead_a, serial_undead_d
D:8:      layout_cave_pools, general_overflow_altar, erik_lair_dragon,
          guppyfry_shop_venom, uniq_grum, uniq_amaemon
D:9:      layout_basic, overflow_temple_1_default,
          mainiacjoe_overflow_big_doors, nicolae_shop_vocational, uniq_joseph
D:10:     layout_small_grid, nicolae_overflow_hidden_temple
D:11:     layout_roguey, erik_orc_2, minivault_28, uniq_sonja, uniq_erolcha
Lair:1:   layout_layer_cave, st_stairs_11, uniq_prince_ribbit2
Lair:2:   layout_gridlike, nicolae_spider_entry_tight_spaces,
          guppyfry_lair_drakes
Lair:3:   layout_gridlike, minmay_shoals_entry_hut,
          hangedman_lair_generics_rect, uniq_josephine
Lair:4:   layout_hall_layers, minmay_slime_entry_pillars,
          portal_ice_cave_entry_imps, lemuel_fruit_tree
Lair:5:   gammafunk_lair_ancient_temple, layout_regular_city
Orc:1:    layout_diamond_mine, gammafunk_ghost_fury_of_okawaru

Skill      XL: |  1  2  3  4  5  6  7  8  9 10 11 12 13 14 |
---------------+-------------------------------------------+-----
Axes           | 4 5 6 7 9 11 13 14 16 17 18 20 21 | 21.1
Fighting       | 4 6 8 9 10 11 12 | 12.9
Armour         | 3 5 7 9 10 11 12 | 12.8
Dodging        | 3 5 8 10 12 13 15 | 15.2
Shields        | 4 6 8 10 | 10.3

Action                   |  1- 3 |  4- 6 |  7- 9 | 10-12 | 13-15 || total
-------------------------+-------+-------+-------+-------+-------++-------
Melee: Hand axe          |   105 |    76 |   256 |   120 |       ||   557
       Headbutt          |    12 |    13 |    89 |   112 |   107 ||   333
       Punch             |     1 |     1 |     1 |       |       ||     3
       Broad axe         |       |       |   101 |   482 |   101 ||   684
       Battleaxe         |       |       |       |       |   284 ||   284
       Executioner's axe |       |       |       |       |   123 ||   123
Invok: Berserk           |       |     3 |     4 |    16 |    16 ||    39
       Trog's Hand       |       |       |       |     2 |     3 ||     5
       Brothers in Arms  |       |       |       |       |     4 ||     4
Evoke: Wand              |       |       |       |       |     7 ||     7
  Use: Potion            |       |     8 |       |     4 |     8 ||    20
       Scroll            |       |       |    20 |    10 |     7 ||    37
 Stab: Confused          |       |       |       |     2 |       ||     2
       Distracted        |       |       |       |     1 |       ||     1
Armor: Animal skin       |     3 |       |       |       |       ||     3
       Chain mail        |    34 |    39 |   149 |   214 |   111 ||   547
       Plate armour      |       |       |       |       |   106 ||   106
Dodge: Dodged            |    45 |    13 |   131 |   284 |   252 ||   725
Block: Buckler           |       |       |       |   119 |    28 ||   147

Table legend: (Time is in decaauts)
 A = Elapsed time spent in this place.
 B = Non-inter-level travel time spent in this place.
 C = Inter-level travel time spent in this place.
 D = Time resting spent in this place.
 E = Time spent auto-exploring this place.
 F = Levels seen in this place.
 G = Mean time per level.
                   A        B        C        D        E       F      G
               +--------+--------+--------+--------+--------+-----+--------+
         Total |  25607 |  24730 |    877 |   4947 |  16531 |  19 | 1347.7 |
       Dungeon |  14200 |  13621 |    579 |   2154 |   9571 |  11 | 1290.9 |
          Lair |   8080 |   7783 |    297 |   1423 |   5538 |   5 | 1616.0 |
  Orcish Mines |   1067 |   1067 |      0 |    394 |    501 |   1 | 1067.0 |
       Ossuary |    918 |    918 |      0 |    435 |    291 |   1 |  918.0 |
      Ice Cave |   1341 |   1341 |      0 |    540 |    630 |   1 | 1341.0 |
               +--------+--------+--------+--------+--------+-----+--------+

Top non-repeatable levels by time:
    D:11: 2099 daAuts
  Lair:3: 2067 daAuts
  Lair:5: 1867 daAuts
  Lair:1: 1623 daAuts
     D:6: 1563 daAuts
     D:8: 1419 daAuts
     D:3: 1374 daAuts
   IceCv: 1341 daAuts
  Lair:2: 1269 daAuts
  Lair:4: 1252 daAuts
     D:5: 1229 daAuts
    D:10: 1169 daAuts
     D:7: 1161 daAuts
     D:9: 1139 daAuts
     D:1: 1096 daAuts
